 Dungeon Crawl Stone Soup version 0.32-a0-953-g508020473e (webtiles) character file.

Game seed: 15483219996288585180

676 jasper the Ruffian (level 7, -3/56 HPs)
             Began as a Merfolk Fighter on Apr 16, 2024.
             Was an Initiate of Wu Jian.
             Slain by a gnoll
             ... wielding a +0 flail
             ... led by a gnoll bouda
              (8 damage)
             ... on level 5 of the Dungeon.
             The game lasted 00:06:29 (3574 turns).

jasper the Ruffian (Merfolk Fighter)                Turns: 3574, Time: 00:06:30

Health: -3/56      AC:  7    Str: 17    XL:     7   Next: 60%
Magic:  7/7        EV: 11    Int:  7    God:    Wu Jian [......]
Gold:   253        SH:  5    Dex: 15    Spells: 6/6 levels left

rFire   . .          .
                       - Unarmed
rCold   . . .        b - +0 buckler
rNeg    . . .        f - +0 ring mail
rPois   .            (no helmet)
rElec   .            c - +1 cloak
rCorr   .            (no gloves)
SInv    .            (no boots)
Will    .....        (no amulet)
Stlth   +            (no ring)
HPRegen 0.29/turn    (no ring)
MPRegen 0.10/turn

%: no passive effects
@: weakened
A: (nimble swimmer 2), mertail
a: Renounce Religion


You were on level 5 of the Dungeon.
You worshipped Wu Jian.
Wu Jian was noncommittal.
You visited 2 branches of the dungeon, and saw 6 of its levels.

You collected 253 gold pieces.

Inventory:

Missiles
 e - 9 boomerangs (quivered)
 g - 40 stones
Armour
 a - a +0 scale mail
 b - a +0 buckler (worn)
 c - a +1 cloak (worn)
 f - a +0 ring mail (worn)
Wands
 d - a wand of mindburst (3)
 j - a wand of flame (15)
Scrolls
 h - 4 scrolls of teleportation
 i - 2 scrolls of noise
 k - a scroll of identify
 q - a scroll of enchant weapon
Potions
 l - a potion of haste
 m - a potion of lignification {unknown}
 n - a potion of ambrosia
 p - a potion of magic


   Skills:
 + Level 5.1 Fighting
 - Level 2.1 Armour
 + Level 4.3 Dodging
 + Level 4.6 Shields
 * Level 5.9 Unarmed Combat


You had 6 spell levels left.
You didn't know any spells.
Your spell library contained the following spells:

 Spells                   Type           Power      Damage    Failure   Level
 Scorch                   Fire           0%         2d5       85%         2
 Flame Wave               Conj/Fire      0%         2d4       100%        4
 Summon Cactus Giant      Summ           0%         N/A       100%        6


Dungeon Overview and Level Annotations

Branches:
Dungeon (5/15)             Temple (1/1) D:5

Altars:
Ashenzari
Cheibriados
Dithmenos
Elyvilon
Fedhas
Gozag
Hepliaklqana
Kikubaaqudgha
Nemelex Xobeh
Qazlal
Trog
Uskayaw
Vehumet
Wu Jian
Xom
Yredelemnul
The Shining One

Shops:
D:2 (   D:4 (   D:5 (

Annotations:
D:4 3 runed translucent doors


Innate Abilities, Weirdness & Mutations

((You are very nimble when in or above water. (Stealth+, EV+, Speed+++)))
Your lower body shifts to a powerful aquatic tail in water.


Message History

The gnoll is no longer moving quickly.
You closely miss the gnoll. You block the gnoll's attack.
You hit the gnoll.
The gnoll is lightly wounded.
The gnoll hits you with a +0 whip.
You closely miss the gnoll.
The gnoll is lightly wounded.
The gnoll hits you with a +0 whip.
You barely miss the gnoll.
The gnoll is lightly wounded.
The gnoll misses you.
You take 9 damage, and have 19/56 hp.
You hit the gnoll.
The gnoll is heavily wounded.
The gnoll is no longer moving quickly.
The gnoll hits you with a +0 whip.
* * * LOW HITPOINT WARNING * * *
You hit the gnoll but do no damage.
The gnoll is heavily wounded.
The gnoll hits you with a +0 whip.
* * * LOW HITPOINT WARNING * * *
You barely miss the gnoll.
The gnoll is heavily wounded.
The gnoll hits you with a +0 whip.
* * * LOW HITPOINT WARNING * * *
You hit the gnoll.
The gnoll is almost dead.
The gnoll hits you with a +0 whip.
* * * LOW HITPOINT WARNING * * *
You completely miss the gnoll.
The gnoll is almost dead.
You block the gnoll's attack.
You hit the gnoll.
You kill the gnoll!
The Council accepts your kill.
You completely miss the gnoll. The gnoll hits you with a +0 flail.
* * * LOW HITPOINT WARNING * * *
You punch the gnoll!
The gnoll is heavily wounded.
The gnoll hits you with a +0 flail!
You die...

#########
#...g.g.. #g# #@#
##### #####)#
#...########.....#
...).............#
.....#######.###.#
.....# #.# #.#
#...## #.# #.#
##.## #.# #.#
#.#########.# #.#


You could see a gnoll.

Vanquished Creatures
  A steam dragon (D:5)
  A scorpion (D:5)
  Crazy Yiuf (D:2)
  A gnoll bouda (D:5)
  2 hounds (D:4)
  A jelly (D:5)
  3 orc wizards (D:5)
  Terence (D:3)
  2 hound zombies (D:5)
  5 gnolls
  7 adders
  2 shadow imps (D:5)
  A ribbon worm (D:2)
  2 dart slugs (D:2)
  10 orcs
  3 ball pythons
  2 bats (D:2)
  5 endoplasms
  5 giant cockroaches
  2 goblins
  3 hobgoblins
  7 kobolds
  2 quokkas (D:1)
  7 frilled lizards
  3 gnoll zombies (D:5)
  A kobold zombie (D:5)
  7 rats
87 creatures vanquished.

Vanquished Creatures (others)
  A burial acolyte (D:5)
  An adder zombie (D:5)
2 creatures vanquished.

Grand Total: 89 creatures vanquished

Notes
Turn   | Place    | Note
-------+----------+-------------------------------------------
     0 | D:1      | jasper the Merfolk Fighter began the quest for the Orb.
     0 | D:1      | Reached XP level 1. HP: 18/18 MP: 1/1
   258 | D:1      | Reached XP level 2. HP: 24/24 MP: 2/2
   287 | D:1      | Found a faded altar of an unknown god.
   579 | D:1      | Reached skill level 1 in Dodging
   744 | D:2      | Reached XP level 3. HP: 13/29 MP: 3/3
   970 | D:2      | Found Curimuipp's Antique Weapon Boutique.
  1173 | D:2      | Found a runed translucent door.
  1174 | D:2      | Noticed Crazy Yiuf
  1183 | D:2      | Killed Crazy Yiuf
  1184 | D:2      | Reached XP level 4. HP: 31/37 MP: 4/4
  1674 | D:3      | Reached XP level 5. HP: 41/42 MP: 5/5
  1690 | D:3      | Noticed Terence
  1715 | D:3      | Killed Terence
  1891 | D:3      | Found a shadowy altar of Dithmenos.
  2251 | D:4      | Reached XP level 6. HP: 26/48 MP: 6/6
  2450 | D:4      | Found a runed translucent gate.
  2450 | D:4      | Found a runed translucent gate.
  2451 | D:4      | Found a runed translucent gate.
  2487 | D:4      | Found Joeffeme's Antique Weapon Shop.
  2707 | D:5      | Entered Level 5 of the Dungeon
  2741 | D:5      | Noticed a steam dragon
  2746 | D:5      | Found an ancient bone altar of Kikubaaqudgha.
  2766 | D:5      | Killed a steam dragon
  2767 | D:5      | Reached skill level 5 in Unarmed Combat
  2897 | D:5      | Found a staircase to the Ecumenical Temple.
  2907 | Temple   | Entered the Ecumenical Temple
  2921 | Temple   | Became a worshipper of the Wu Jian Council
  2997 | D:5      | Reached XP level 7. HP: 52/55 MP: 7/7
  3265 | D:5      | Reached skill level 5 in Fighting
  3344 | D:5      | Found Qesemp's Weapon Emporium.
  3574 | D:5      | Slain by a gnoll

Illustrated notes

Levels and vault maps discovered:
D:1:      minmay_arrival_nine_rooms, layout_rooms,
          hellmonk_ecumenical_altar_zigzags
D:2:      layout_rooms, serial_shops, nicolae_shop_trees,
          uniq_crazy_yiuf_cottage
D:3:      layout_rooms, mainiacjoe_overflow_catwalk, uniq_terence
D:4:      layout_loops_ring, ebering_ghost_rock_garden, serial_shops, shop,
          minmay_misc_feat_rows
D:5:      layout_loops_ring, regret_index_kikubaaqudgha_part_by_part,
          minmay_temple_entry_sparse_star, serial_shops,
          nicolae_shop_bloodbath_and_beyond, small_statue_intersection,
          item_on_display_a
Temple:   bh_familiar_temple

Skill      XL: |  1  2  3  4  5  6  7 |
---------------+----------------------+-----
Dodging        | 1 2 3 4 |  4.3
Unarmed Combat | 3 4 5 |  5.9
Fighting       | 4 5 |  5.1
Shields        | 4 |  4.6
Armour         | |  2.1

Action                     |  1- 3 |  4- 6 |  7- 9 || total
---------------------------+-------+-------+-------++-------
  Melee: Unarmed           |   124 |   144 |   121 ||   389
  Throw: Boomerang         |    20 |    27 |     1 ||    48
Ability: Lunge             |       |       |     5 ||     5
  Evoke: Wand              |       |     6 |     5 ||    11
    Use: Scroll            |     3 |     8 |       ||    11
         Potion            |     1 |     5 |       ||     6
 Armour: Scale mail        |    10 |       |       ||    10
         Ring mail         |    50 |    97 |    54 ||   201
  Dodge: Dodged            |    48 |    74 |    29 ||   151
  Block: Buckler           |    23 |    28 |    19 ||    70

Table legend: (Time is in decaauts)
 A = Elapsed time spent in this place.
 B = Non-inter-level travel time spent in this place.
 C = Inter-level travel time spent in this place.
 D = Time resting spent in this place.
 E = Time spent auto-exploring this place.
 F = Levels seen in this place.
 G = Mean time per level.
                   A        B        C        D        E       F      G
               +--------+--------+--------+--------+--------+-----+--------+
         Total |   3562 |   3458 |    104 |    226 |   2277 |   6 |  593.7 |
       Dungeon |   3534 |   3455 |     79 |    226 |   2277 |   5 |  706.8 |
        Temple |     27 |      2 |     25 |      0 |      0 |   1 |   27.0 |
               +--------+--------+--------+--------+--------+-----+--------+

Top non-repeatable levels by time:
     D:2: 887 daAuts
     D:5: 819 daAuts
     D:1: 699 daAuts
     D:4: 582 daAuts
     D:3: 546 daAuts
  Temple: 27 daAuts
